2247 views
Uploaded 2025-04-25 23:58:11
Game version 1.36 (6115)
26:35 long 4on4 ladder game on (8)Sanctuary_LV_S2
Saved by Cabeelibob
2247 views
Uploaded 2025-04-25 23:58:11
Game version 1.36 (6115)
26:35 long 4on4 ladder game on (8)Sanctuary_LV_S2


120 units @ 12.4k
/ 2k
198 buildings @ 12.9k
/ 6.3k


| Peasant | 17 | 1275 | / | 0 |
| Goblin Shredder | 1 | 375 | / | 100 |
| total: | 18 | 1650g | / | 100w |
| Scout Tower | 98 | 2940 | / | 1960 |
| Arcane Tower | 1 | 70 | / | 50 |
| Guard Tower | 43 | 3010 | / | 2150 |
| Altar of Kings | 1 | 180 | / | 50 |
| Farm | 5 | 400 | / | 100 |
| Lumber Mill | 4 | 480 | / | 0 |
| Town Hall | 1 | 385 | / | 205 |
| Keep | 1 | 320 | / | 210 |
| Castle | 1 | 360 | / | 210 |
| total: | 109 | 4385g | / | 2315w |
| 0:02 | Peasant |
| 0:02 | Peasant |
| 0:08 | Altar of Kings |
| 0:10 | Peasant |
| 0:19 | Farm |
| 0:35 | Scout Tower |
| 0:39 | Peasant |
| 0:49 | Peasant |
| 0:49 | Peasant |
| 0:56 | Farm |
| 1:00 | Scout Tower |
| 1:12 | Peasant |
| 1:42 | Arcane Tower |
| 1:50 | Lumber Mill |
| 2:02 | Lumber Mill |
| 2:12 | Lumber Mill |
| 2:29 | Scout Tower |
| 2:32 | Storm Bolt |
| 2:33 | Peasant |
| 2:34 | Peasant |
| 2:47 | Peasant |
| 2:50 | Guard Tower |
| 3:35 | Guard Tower |
| 3:47 | Scout Tower |
| 3:48 | Scout Tower |
| 3:49 | Scout Tower |
| 3:51 | Scout Tower |
| 3:51 | Scout Tower |
| 3:53 | Scout Tower |
| 3:54 | Scout Tower |
| 3:54 | Scout Tower |
| 4:18 | Guard Tower |
| 4:20 | Guard Tower |
| 4:30 | Improved Lumber Harvesting |
| 4:36 | Guard Tower |
| 4:47 | Guard Tower |
| 4:48 | Guard Tower |
| 4:54 | Guard Tower |
| 4:58 | Guard Tower |
| 5:08 | Scout Tower |
| 5:09 | Scout Tower |
| 5:10 | Scout Tower |
| 5:12 | Scout Tower |
| 5:25 | Scout Tower |
| 5:41 | Guard Tower |
| 5:46 | Scout Tower |
| 5:52 | Guard Tower |
| 6:14 | Keep |
| 6:18 | Guard Tower |
| 6:23 | Scout Tower |
| 6:23 | Scout Tower |
| 6:30 | Scout Tower |
| 6:30 | Scout Tower |
| 6:31 | Scout Tower |
| 6:44 | Goblin Shredder |
| 6:52 | Improved Masonry |
| 6:55 | Guard Tower |
| 7:00 | Scout Tower |
| 7:04 | Scout Tower |
| 7:05 | Scout Tower |
| 7:11 | Guard Tower |
| 7:12 | Guard Tower |
| 7:15 | Scout Tower |
| 7:33 | Guard Tower |
| 7:35 | Scout Tower |
| 7:37 | Guard Tower |
| 7:47 | Guard Tower |
| 7:51 | Scout Tower |
| 7:52 | Scout Tower |
| 7:52 | Scout Tower |
| 8:04 | Guard Tower |
| 8:06 | Scout Tower |
| 8:07 | Scout Tower |
| 8:08 | Scout Tower |
| 8:35 | Farm |
| 8:41 | Advanced Masonry |
| 9:38 | Scout Tower |
| 9:38 | Scout Tower |
| 9:39 | Scout Tower |
| 9:40 | Scout Tower |
| 9:41 | Scout Tower |
| 9:42 | Scout Tower |
| 9:43 | Scout Tower |
| 10:04 | Castle |
| 10:08 | Holy Light |
| 10:16 | Guard Tower |
| 10:31 | Guard Tower |
| 10:34 | Guard Tower |
| 10:37 | Guard Tower |
| 10:43 | Scout Tower |
| 10:44 | Scout Tower |
| 10:57 | Scout Tower |
| 11:02 | Scout Tower |
| 11:35 | Guard Tower |
| 11:42 | Scout Tower |
| 11:43 | Scout Tower |
| 11:44 | Scout Tower |
| 11:44 | Scout Tower |
| 11:45 | Scout Tower |
| 13:02 | Guard Tower |
| 13:12 | Lumber Mill |
| 13:20 | Imbued Masonry |
| 14:06 | Scout Tower |
| 14:06 | Scout Tower |
| 14:07 | Scout Tower |
| 14:09 | Scout Tower |
| 14:10 | Scout Tower |
| 14:13 | Scout Tower |
| 14:15 | Scout Tower |
| 14:16 | Scout Tower |
| 14:16 | Scout Tower |
| 14:20 | Scout Tower |
| 14:21 | Scout Tower |
| 14:22 | Scout Tower |
| 14:29 | Scout Tower |
| 14:36 | Scout Tower |
| 14:42 | Scout Tower |
| 14:43 | Scout Tower |
| 14:45 | Scout Tower |
| 14:46 | Scout Tower |
| 14:47 | Scout Tower |
| 14:47 | Scout Tower |
| 14:50 | Guard Tower |
| 14:59 | Guard Tower |
| 15:03 | Guard Tower |
| 15:13 | Scout Tower |
| 15:13 | Scout Tower |
| 15:14 | Scout Tower |
| 15:16 | Guard Tower |
| 15:20 | Guard Tower |
| 15:22 | Guard Tower |
| 15:29 | Scout Tower |
| 15:30 | Scout Tower |
| 15:31 | Scout Tower |
| 15:31 | Scout Tower |
| 15:32 | Scout Tower |
| 15:33 | Scout Tower |
| 15:56 | Town Hall |
| 16:11 | Guard Tower |
| 16:19 | Storm Bolt |
| 16:22 | Divine Shield |
| 16:25 | Guard Tower |
| 16:38 | Guard Tower |
| 16:41 | Scout Tower |
| 16:42 | Scout Tower |
| 16:42 | Scout Tower |
| 16:43 | Scout Tower |
| 16:44 | Scout Tower |
| 16:46 | Scout Tower |
| 16:47 | Scout Tower |
| 16:47 | Scout Tower |
| 16:48 | Scout Tower |
| 16:51 | Guard Tower |
| 16:56 | Scout Tower |
| 16:57 | Scout Tower |
| 16:58 | Scout Tower |
| 17:28 | Guard Tower |
| 17:48 | Guard Tower |
| 19:18 | Guard Tower |
| 20:07 | Farm |
| 20:09 | Farm |
| 20:18 | Guard Tower |
| 20:25 | Scout Tower |
| 20:27 | Scout Tower |
| 20:28 | Scout Tower |
| 20:28 | Scout Tower |
| 20:29 | Scout Tower |
| 20:30 | Scout Tower |
| 20:30 | Scout Tower |
| 20:32 | Scout Tower |
| 20:46 | Peasant |
| 20:47 | Peasant |
| 20:56 | Guard Tower |
| 21:02 | Guard Tower |
| 21:33 | Guard Tower |
| 23:19 | Guard Tower |
| 23:26 | Peasant |
| 23:27 | Peasant |
| 23:27 | Peasant |
| 23:28 | Peasant |
| 23:29 | Peasant |
| 26:23 | Divine Shield |
| Right click | 794 |
| Select | 394 |
| Select group | 228 |
| Build/train/purchase | 81 |
| Use ability | 13 |
| Resource trade | 12 |
| Minimap ping | 6 |
| Assign group | 5 |
| Esc | 5 |
| Misc. action | 4 |


| Peasant | 12 | 900 | / | 0 |
| Mortar Team | 3 | 540 | / | 210 |
| Flying Machine | 25 | 2500 | / | 750 |
| Dragonhawk Rider | 5 | 1000 | / | 150 |
| total: | 45 | 4940g | / | 1110w |
| Scout Tower | 9 | 270 | / | 180 |
| Arcane Tower | 1 | 70 | / | 50 |
| Guard Tower | 1 | 70 | / | 50 |
| Altar of Kings | 1 | 180 | / | 50 |
| Farm | 15 | 1200 | / | 300 |
| Lumber Mill | 1 | 120 | / | 0 |
| Blacksmith | 1 | 140 | / | 60 |
| Arcane Vault | 1 | 130 | / | 30 |
| Barracks | 1 | 160 | / | 60 |
| Workshop | 3 | 420 | / | 420 |
| Gryphon Aviary | 1 | 140 | / | 150 |
| Arcane Sanctum | 1 | 150 | / | 140 |
| Keep | 1 | 320 | / | 210 |
| Castle | 1 | 360 | / | 210 |
| total: | 34 | 2910g | / | 1390w |
| 0:03 | Peasant |
| 0:03 | Peasant |
| 0:08 | Altar of Kings |
| 0:11 | Farm |
| 0:12 | Farm |
| 0:16 | Peasant |
| 0:31 | Peasant |
| 0:42 | Lumber Mill |
| 0:50 | Peasant |
| 1:18 | Peasant |
| 1:25 | Farm |
| 1:29 | Peasant |
| 1:30 | Peasant |
| 1:39 | Improved Lumber Harvesting |
| 1:44 | Scout Tower |
| 1:54 | Peasant |
| 2:13 | Arcane Tower |
| 2:24 | Peasant |
| 2:24 | Peasant |
| 2:25 | Peasant |
| 2:32 | Improved Masonry |
| 2:44 | Storm Bolt |
| 2:57 | Keep |
| 3:10 | Blacksmith |
| 3:39 | Farm |
| 3:39 | Farm |
| 3:44 | Farm |
| 3:44 | Farm |
| 3:45 | Farm |
| 4:27 | Black Gunpowder |
| 4:30 | Iron Plating |
| 5:00 | Farm |
| 5:30 | Workshop |
| 5:37 | Workshop |
| 5:53 | Castle |
| 5:54 | Advanced Masonry |
| 5:56 | Refined Gunpowder |
| 6:31 | Steel Plating |
| 6:38 | Flak Cannons |
| 6:44 | Mortar Team |
| 6:45 | Flying Machine |
| 6:45 | Flying Machine |
| 6:45 | Flying Machine |
| 6:47 | Flying Machine |
| 6:47 | Flying Machine |
| 7:03 | Flying Machine |
| 7:04 | Flying Machine |
| 7:11 | Farm |
| 7:11 | Farm |
| 7:36 | Workshop |
| 7:40 | Flying Machine |
| 7:53 | Flying Machine |
| 8:05 | Flying Machine |
| 8:14 | Gryphon Aviary |
| 8:21 | Flying Machine Bombs |
| 8:28 | Imbued Gunpowder |
| 8:34 | Scout Tower |
| 8:36 | Scout Tower |
| 8:39 | Flying Machine |
| 8:40 | Flying Machine |
| 8:43 | Flying Machine |
| 8:43 | Flying Machine |
| 8:49 | Arcane Vault |
| 8:54 | Imbued Masonry |
| 8:58 | Mithril Plating |
| 9:16 | Flying Machine |
| 9:36 | Flying Machine |
| 9:36 | Flying Machine |
| 9:36 | Flying Machine |
| 9:37 | Flying Machine |
| 9:37 | Flying Machine |
| 9:37 | Flying Machine |
| 9:37 | Flying Machine |
| 9:47 | Cloud |
| 9:47 | Dragonhawk Rider |
| 9:47 | Dragonhawk Rider |
| 9:48 | Dragonhawk Rider |
| 9:50 | Farm |
| 9:53 | Guard Tower |
| 9:59 | Farm |
| 10:43 | Farm |
| 10:43 | Farm |
| 12:26 | Divine Shield |
| 13:33 | Studded Leather Armor |
| 15:34 | Flying Machine |
| 15:35 | Flying Machine |
| 15:35 | Flying Machine |
| 20:16 | Dragonhawk Rider |
| 20:16 | Dragonhawk Rider |
| 20:20 | Reinforced Leather Armor |
| 20:25 | Barracks |
| 20:26 | Advanced Lumber Harvesting |
| 20:29 | Arcane Sanctum |
| 20:33 | Scout Tower |
| 20:33 | Scout Tower |
| 20:35 | Scout Tower |
| 20:36 | Scout Tower |
| 20:39 | Scout Tower |
| 20:40 | Scout Tower |
| 24:55 | Divine Shield |
| 25:00 | Divine Shield |
| 26:29 | Mortar Team |
| 26:29 | Mortar Team |
| 26:31 | Fragmentation Shards |
| Select group | 1879 |
| Right click | 1792 |
| Select | 271 |
| Build/train/purchase | 80 |
| Assign group | 17 |
| Use ability | 16 |
| Misc. action | 15 |
| Minimap ping | 9 |
| Chat | 4 |
| Remove unit | 1 |
| Esc | 1 |
DudeWhy
(236)
(26:34) : 

| Healing Salve | 1 | 100 |
| total: | 1 | 100g |
| Peasant | 26 | 1950 | / | 0 |
| Mortar Team | 9 | 1620 | / | 630 |
| Goblin Shredder | 1 | 375 | / | 100 |
| total: | 36 | 3945g | / | 730w |
| Scout Tower | 23 | 690 | / | 460 |
| Arcane Tower | 5 | 350 | / | 250 |
| Guard Tower | 7 | 490 | / | 350 |
| Altar of Kings | 1 | 180 | / | 50 |
| Farm | 7 | 560 | / | 140 |
| Lumber Mill | 2 | 240 | / | 0 |
| Town Hall | 3 | 1155 | / | 615 |
| Blacksmith | 2 | 280 | / | 120 |
| Workshop | 1 | 140 | / | 140 |
| Keep | 1 | 320 | / | 210 |
| Castle | 1 | 360 | / | 210 |
| total: | 39 | 3245g | / | 1525w |
| 0:02 | Peasant |
| 0:06 | Altar of Kings |
| 0:08 | Peasant |
| 0:18 | Farm |
| 0:19 | Peasant |
| 0:34 | Lumber Mill |
| 0:35 | Peasant |
| 0:50 | Peasant |
| 0:53 | Farm |
| 0:57 | Scout Tower |
| 1:00 | Peasant |
| 1:30 | Peasant |
| 1:34 | Arcane Tower |
| 1:35 | Improved Lumber Harvesting |
| 1:38 | Peasant |
| 2:03 | Peasant |
| 2:07 | Storm Bolt |
| 2:13 | Peasant |
| 2:48 | Peasant |
| 2:50 | Scout Tower |
| 3:09 | Town Hall |
| 3:12 | Scout Tower |
| 3:22 | Guard Tower |
| 3:23 | Improved Masonry |
| 3:24 | Peasant |
| 3:42 | Arcane Tower |
| 3:59 | Peasant |
| 4:00 | Peasant |
| 4:21 | Scout Tower |
| 4:22 | Scout Tower |
| 4:28 | Keep |
| 4:43 | Peasant |
| 4:43 | Peasant |
| 5:20 | Guard Tower |
| 5:23 | Peasant |
| 5:36 | Blacksmith |
| 5:47 | Blacksmith |
| 5:53 | Scout Tower |
| 5:58 | Healing Salve |
| 6:44 | Bash |
| 6:45 | Bash |
| 6:47 | Bash |
| 6:53 | Guard Tower |
| 6:54 | Castle |
| 6:58 | Peasant |
| 6:59 | Peasant |
| 6:59 | Peasant |
| 7:02 | Advanced Lumber Harvesting |
| 7:12 | Holy Light |
| 7:20 | Black Gunpowder |
| 7:42 | Workshop |
| 8:34 | Farm |
| 8:35 | Farm |
| 8:40 | Refined Gunpowder |
| 8:46 | Flare |
| 8:48 | Mortar Team |
| 9:06 | Holy Light |
| 9:10 | Goblin Shredder |
| 9:49 | Advanced Masonry |
| 9:57 | Fragmentation Shards |
| 9:57 | Mortar Team |
| 10:26 | Scout Tower |
| 10:26 | Scout Tower |
| 10:27 | Scout Tower |
| 10:27 | Scout Tower |
| 11:41 | Town Hall |
| 12:01 | Mortar Team |
| 12:03 | Imbued Gunpowder |
| 12:27 | Imbued Masonry |
| 13:23 | Storm Bolt |
| 13:24 | Divine Shield |
| 13:34 | Peasant |
| 13:34 | Peasant |
| 13:42 | Scout Tower |
| 13:43 | Scout Tower |
| 13:45 | Guard Tower |
| 13:48 | Scout Tower |
| 14:24 | Scout Tower |
| 14:39 | Storm Bolt |
| 14:46 | Guard Tower |
| 14:50 | Scout Tower |
| 14:52 | Scout Tower |
| 15:02 | Arcane Tower |
| 15:03 | Peasant |
| 15:03 | Peasant |
| 15:03 | Peasant |
| 16:18 | Farm |
| 16:21 | Arcane Tower |
| 16:22 | Scout Tower |
| 16:23 | Scout Tower |
| 16:26 | Lumber Mill |
| 17:14 | Mortar Team |
| 17:15 | Mortar Team |
| 20:05 | Guard Tower |
| 20:22 | Bash |
| 20:26 | Bash |
| 20:38 | Holy Light |
| 20:39 | Holy Light |
| 20:40 | Holy Light |
| 21:14 | Town Hall |
| 21:16 | Scout Tower |
| 21:33 | Scout Tower |
| 21:34 | Scout Tower |
| 21:36 | Iron Plating |
| 21:39 | Studded Leather Armor |
| 21:40 | Arcane Tower |
| 22:06 | Scout Tower |
| 22:09 | Scout Tower |
| 23:08 | Guard Tower |
| 23:10 | Peasant |
| 24:35 | Bash |
| 25:04 | Storm Bolt |
| 25:05 | Storm Bolt |
| 25:07 | Storm Bolt |
| 26:25 | Mortar Team |
| 26:25 | Mortar Team |
| 26:25 | Mortar Team |
| 26:25 | Mortar Team |
| 26:27 | Farm |
| 26:33 | Farm |
| Right click | 783 |
| Select group | 291 |
| Select | 269 |
| Misc. action | 111 |
| Build/train/purchase | 98 |
| Use ability | 87 |
| Resource trade | 69 |
| Assign group | 14 |
| Esc | 4 |
| Minimap ping | 4 |
| Item give/drop | 1 |
| Remove unit | 1 |
Cabeelibob
(194)
(26:34) : 

| Lesser Clarity Potion | 3 | 210 |
| Potion of Mana | 2 | 400 |
| Orb of Lightning | 1 | 375 |
| Boots of Speed | 1 | 250 |
| Staff of Teleportation | 1 | 150 |
| total: | 8 | 1385g |
| Peon | 17 | 1275 | / | 0 |
| Troll Witch Doctor | 4 | 580 | / | 100 |
| total: | 21 | 1855g | / | 100w |
| Watch Tower | 7 | 770 | / | 560 |
| Altar of Storms | 1 | 180 | / | 50 |
| Orc Burrow | 2 | 320 | / | 80 |
| War Mill | 1 | 205 | / | 0 |
| Voodoo Lounge | 3 | 390 | / | 90 |
| Great Hall | 1 | 385 | / | 185 |
| Spirit Lodge | 1 | 150 | / | 150 |
| Stronghold | 1 | 315 | / | 190 |
| Fortress | 1 | 325 | / | 190 |
| total: | 16 | 2400g | / | 1115w |
| 0:04 | Altar of Storms |
| 0:07 | Orc Burrow |
| 0:08 | Peon |
| 0:08 | Peon |
| 0:17 | Peon |
| 0:18 | Peon |
| 0:56 | War Mill |
| 1:00 | Orc Burrow |
| 1:06 | Peon |
| 1:30 | Peon |
| 1:43 | Peon |
| 1:55 | Voodoo Lounge |
| 1:58 | Peon |
| 2:08 | Wind Walk |
| 2:26 | Peon |
| 2:27 | Peon |
| 2:27 | Peon |
| 3:24 | Watch Tower |
| 3:26 | Watch Tower |
| 3:43 | Great Hall |
| 4:01 | Voodoo Lounge |
| 4:08 | Peon |
| 4:08 | Peon |
| 4:47 | Spiked Barricades |
| 4:55 | Voodoo Lounge |
| 6:07 | Peon |
| 6:07 | Peon |
| 6:07 | Peon |
| 6:07 | Peon |
| 7:01 | Boots of Speed |
| 7:01 | Staff of Teleportation |
| 7:08 | Stronghold |
| 7:32 | Lesser Clarity Potion |
| 7:34 | Lesser Clarity Potion |
| 7:44 | Watch Tower |
| 9:34 | Critical Strike |
| 9:48 | Fortress |
| 10:17 | Watch Tower |
| 10:31 | Potion of Mana |
| 12:26 | Spirit Lodge |
| 13:46 | Watch Tower |
| 13:48 | Witch Doctor Adept Training |
| 14:51 | Watch Tower |
| 15:08 | Witch Doctor Master Training |
| 15:09 | Troll Witch Doctor |
| 15:09 | Troll Witch Doctor |
| 15:09 | Troll Witch Doctor |
| 15:09 | Troll Witch Doctor |
| 15:16 | Potion of Mana |
| 15:18 | Lesser Clarity Potion |
| 15:20 | Orb of Lightning |
| 15:58 | Critical Strike |
| 16:45 | Watch Tower |
| 17:57 | Wind Walk |
| 20:01 | Critical Strike |
| 24:17 | Bladestorm |
| 26:30 | Feral Spirit |
| Right click | 690 |
| Select | 108 |
| Misc. action | 99 |
| Select group | 89 |
| Build/train/purchase | 76 |
| Resource trade | 73 |
| Chat | 6 |
| Item give/drop | 5 |
| Use ability | 3 |
| Assign group | 2 |
| Minimap ping | 1 |
136 units @ 19.7k
/ 2.7k
103 buildings @ 18.4k
/ 7.5k


| Orb of Corruption | 1 | 375 |
| Potion of Healing | 1 | 150 |
| Scroll of Town Portal | 2 | 700 |
| Potion of Lesser Invulnerability | 1 | 150 |
| total: | 5 | 1375g |
| Acolyte | 7 | 525 | / | 0 |
| Ghoul | 5 | 600 | / | 0 |
| Crypt Fiend | 13 | 2795 | / | 520 |
| Frost Wyrm | 5 | 1925 | / | 600 |
| Meat Wagon | 4 | 920 | / | 200 |
| Obsidian Statue | 1 | 200 | / | 35 |
| Goblin Shredder | 1 | 375 | / | 100 |
| Forest Troll High Priest | 1 | 305 | / | 40 |
| total: | 37 | 7645g | / | 1495w |
| Nerubian Tower | 2 | 200 | / | 40 |
| Spirit Tower | 6 | 870 | / | 240 |
| Crypt | 1 | 200 | / | 50 |
| Altar of Darkness | 1 | 180 | / | 50 |
| Graveyard | 1 | 215 | / | 0 |
| Ziggurat | 8 | 1200 | / | 400 |
| Necropolis | 1 | 225 | / | 0 |
| Tomb of Relics | 1 | 130 | / | 30 |
| Slaughterhouse | 2 | 280 | / | 270 |
| Boneyard | 2 | 350 | / | 400 |
| Halls of the Dead | 1 | 320 | / | 210 |
| Black Citadel | 1 | 325 | / | 230 |
| total: | 17 | 2780g | / | 1200w |
| 0:03 | Acolyte |
| 0:03 | Acolyte |
| 0:03 | Acolyte |
| 0:39 | Crypt |
| 0:44 | Altar of Darkness |
| 0:49 | Graveyard |
| 0:56 | Ziggurat |
| 1:16 | Ziggurat |
| 1:46 | Ghoul |
| 1:47 | Ghoul |
| 2:21 | Ghoul |
| 2:24 | Ghoul |
| 2:48 | Halls of the Dead |
| 2:50 | Carrion Beetles |
| 3:39 | Necropolis |
| 3:59 | Ghoul |
| 4:15 | Spiked Carapace |
| 4:31 | Ziggurat |
| 4:42 | Tomb of Relics |
| 4:48 | Crypt Fiend |
| 5:09 | Acolyte |
| 5:10 | Acolyte |
| 5:13 | Acolyte |
| 5:13 | Acolyte |
| 5:51 | Black Citadel |
| 6:20 | Crypt Fiend |
| 6:30 | Ziggurat |
| 6:31 | Ziggurat |
| 6:33 | Ziggurat |
| 6:52 | Spiked Carapace |
| 7:05 | Web |
| 7:21 | Death Coil |
| 7:49 | Creature Attack |
| 8:09 | Goblin Shredder |
| 8:33 | Boneyard |
| 8:33 | Boneyard |
| 8:47 | Death Pact |
| 9:22 | Nerubian Tower |
| 9:44 | Nerubian Tower |
| 9:51 | Spirit Tower |
| 10:08 | Carrion Beetles |
| 10:15 | Frost Wyrm |
| 10:38 | Freezing Breath |
| 10:39 | Frost Wyrm |
| 10:42 | Crypt Fiend |
| 10:45 | Improved Creature Attack |
| 11:55 | Death Coil |
| 11:58 | Frost Wyrm |
| 12:37 | Crypt Fiend |
| 12:37 | Crypt Fiend |
| 12:58 | Ziggurat |
| 12:59 | Ziggurat |
| 13:48 | Spirit Tower |
| 13:52 | Crypt Fiend |
| 14:20 | Crypt Fiend |
| 14:20 | Crypt Fiend |
| 14:20 | Crypt Fiend |
| 14:23 | Spirit Tower |
| 14:24 | Spirit Tower |
| 15:12 | Crypt Fiend |
| 15:13 | Crypt Fiend |
| 15:14 | Advanced Creature Attack |
| 15:15 | Creature Carapace |
| 15:27 | Forest Troll High Priest |
| 15:59 | Death Pact |
| 16:33 | Spiked Carapace |
| 16:53 | Slaughterhouse |
| 17:18 | Orb of Corruption |
| 17:22 | Scroll of Town Portal |
| 18:05 | Slaughterhouse |
| 18:50 | Potion of Lesser Invulnerability |
| 19:03 | Spirit Tower |
| 20:03 | Meat Wagon |
| 20:03 | Meat Wagon |
| 20:11 | Scroll of Town Portal |
| 20:12 | Potion of Healing |
| 20:27 | Crypt Fiend |
| 20:27 | Burrow |
| 20:28 | Crypt Fiend |
| 20:33 | Improved Creature Carapace |
| 20:55 | Meat Wagon |
| 20:55 | Meat Wagon |
| 21:38 | Frost Wyrm |
| 21:44 | Obsidian Statue |
| 22:06 | Spirit Tower |
| 22:08 | Advanced Creature Carapace |
| 23:19 | Frost Wyrm |
| 24:18 | Death Coil |
| Right click | 544 |
| Select | 315 |
| Build/train/purchase | 82 |
| Use ability | 16 |
| Item give/drop | 5 |


| Acolyte | 3 | 225 | / | 0 |
| Ghoul | 16 | 1920 | / | 0 |
| Crypt Fiend | 15 | 3225 | / | 600 |
| Obsidian Statue | 2 | 400 | / | 70 |
| total: | 36 | 5770g | / | 670w |
| Nerubian Tower | 3 | 300 | / | 60 |
| Spirit Tower | 4 | 580 | / | 160 |
| Altar of Darkness | 1 | 180 | / | 50 |
| Ziggurat | 10 | 1500 | / | 500 |
| Crypt | 1 | 200 | / | 50 |
| Graveyard | 1 | 215 | / | 0 |
| Tomb of Relics | 1 | 130 | / | 30 |
| Necropolis | 2 | 450 | / | 0 |
| Slaughterhouse | 1 | 140 | / | 135 |
| Temple of the Damned | 1 | 155 | / | 140 |
| Halls of the Dead | 2 | 640 | / | 420 |
| Black Citadel | 2 | 650 | / | 460 |
| total: | 18 | 2970g | / | 905w |
| 0:04 | Acolyte |
| 0:05 | Acolyte |
| 0:07 | Altar of Darkness |
| 0:14 | Ziggurat |
| 0:34 | Crypt |
| 1:01 | Graveyard |
| 1:16 | Nerubian Tower |
| 1:20 | Ziggurat |
| 1:39 | Ghoul |
| 1:39 | Ghoul |
| 2:09 | Death Coil |
| 2:14 | Ghoul |
| 2:14 | Ghoul |
| 2:16 | Ghoul |
| 2:43 | Tomb of Relics |
| 2:51 | Ziggurat |
| 2:59 | Ghoul |
| 3:00 | Ghoul |
| 3:02 | Crypt Fiend |
| 3:02 | Crypt Fiend |
| 3:07 | Ghoul |
| 3:07 | Ghoul |
| 3:07 | Ghoul |
| 4:09 | Halls of the Dead |
| 4:11 | Cannibalize |
| 4:12 | Crypt Fiend |
| 4:12 | Crypt Fiend |
| 4:16 | Ghoul |
| 4:16 | Ghoul |
| 4:16 | Ghoul |
| 4:26 | Unholy Armor |
| 5:06 | Crypt Fiend |
| 5:07 | Crypt Fiend |
| 5:07 | Crypt Fiend |
| 5:46 | Unholy Strength |
| 5:49 | Crypt Fiend |
| 6:08 | Nerubian Tower |
| 6:52 | Black Citadel |
| 7:05 | Unholy Aura |
| 7:44 | Ziggurat |
| 7:45 | Ziggurat |
| 9:25 | Slaughterhouse |
| 9:30 | Temple of the Damned |
| 9:38 | Ziggurat |
| 9:49 | Frost Nova |
| 10:08 | Acolyte |
| 10:19 | Necropolis |
| 10:36 | Creature Attack |
| 10:37 | Creature Carapace |
| 10:39 | Disease Cloud |
| 10:44 | Obsidian Statue |
| 10:44 | Obsidian Statue |
| 10:55 | Nerubian Tower |
| 11:00 | Banshee Adept Training |
| 11:45 | Death Coil |
| 12:28 | Spirit Tower |
| 12:36 | Necropolis |
| 12:54 | Ziggurat |
| 13:29 | Ziggurat |
| 14:27 | Spirit Tower |
| 14:30 | Spirit Tower |
| 14:39 | Halls of the Dead |
| 15:36 | Crypt Fiend |
| 15:36 | Crypt Fiend |
| 15:37 | Crypt Fiend |
| 15:45 | Ziggurat |
| 15:48 | Ziggurat |
| 17:13 | Web |
| 17:44 | Crypt Fiend |
| 17:44 | Crypt Fiend |
| 18:35 | Spirit Tower |
| 19:03 | Black Citadel |
| 19:21 | Frost Armor |
| 20:04 | Crypt Fiend |
| 20:04 | Crypt Fiend |
| 23:18 | Ghoul Frenzy |
| 23:19 | Ghoul |
| 23:19 | Ghoul |
| 23:19 | Ghoul |
| 23:39 | Improved Unholy Armor |
| Right click | 569 |
| Select group | 201 |
| Select | 172 |
| Build/train/purchase | 71 |
| Resource trade | 53 |
| Misc. action | 18 |
| Assign group | 14 |
| Use ability | 8 |
| Remove unit | 6 |
| Item give/drop | 2 |
| Minimap ping | 2 |


| Healing Salve | 2 | 200 |
| Potion of Healing | 2 | 300 |
| Lesser Clarity Potion | 1 | 70 |
| Orb of Lightning | 1 | 375 |
| Tiny Great Hall | 1 | 600 |
| total: | 7 | 1545g |
| Peon | 21 | 1575 | / | 0 |
| Troll Headhunter | 7 | 980 | / | 140 |
| Shaman | 4 | 520 | / | 80 |
| Troll Berserker | 7 | 980 | / | 140 |
| total: | 39 | 4055g | / | 360w |
| Watch Tower | 9 | 990 | / | 720 |
| Altar of Storms | 3 | 540 | / | 150 |
| Orc Burrow | 10 | 1600 | / | 400 |
| Barracks | 2 | 360 | / | 100 |
| War Mill | 1 | 205 | / | 0 |
| Voodoo Lounge | 1 | 130 | / | 30 |
| Great Hall | 8 | 3080 | / | 1480 |
| Spirit Lodge | 1 | 150 | / | 150 |
| Stronghold | 2 | 630 | / | 380 |
| Fortress | 1 | 325 | / | 190 |
| total: | 35 | 7055g | / | 3030w |
| 0:02 | Peon |
| 0:03 | Peon |
| 0:12 | Altar of Storms |
| 0:23 | Orc Burrow |
| 0:33 | Peon |
| 0:44 | Peon |
| 1:00 | Peon |
| 1:18 | Peon |
| 1:24 | Barracks |
| 1:35 | War Mill |
| 1:40 | Peon |
| 1:51 | Orc Burrow |
| 1:58 | Peon |
| 2:22 | Peon |
| 2:42 | Voodoo Lounge |
| 2:52 | Stronghold |
| 2:56 | Troll Headhunter |
| 2:59 | Healing Wave |
| 3:22 | Troll Headhunter |
| 3:38 | Orc Burrow |
| 3:58 | Troll Headhunter |
| 4:17 | Troll Headhunter |
| 4:19 | Steel Ranged Weapons |
| 5:03 | Serpent Ward |
| 5:08 | Healing Salve |
| 5:28 | Great Hall |
| 6:00 | Fortress |
| 6:29 | Spirit Lodge |
| 6:37 | Orc Burrow |
| 6:49 | Watch Tower |
| 6:52 | Reinforced Defenses |
| 6:59 | Troll Headhunter |
| 7:39 | War Stomp |
| 7:41 | Potion of Healing |
| 7:42 | Lesser Clarity Potion |
| 7:44 | Potion of Healing |
| 7:54 | Barracks |
| 8:01 | Peon |
| 8:01 | Peon |
| 8:05 | Peon |
| 8:52 | Healing Wave |
| 9:03 | Shaman Adept Training |
| 9:05 | Berserker Upgrade |
| 9:08 | Troll Headhunter |
| 9:09 | Thorium Ranged Weapons |
| 9:11 | Peon |
| 9:11 | Peon |
| 9:31 | Troll Headhunter |
| 9:33 | Shaman |
| 9:35 | Steel Armor |
| 9:39 | Peon |
| 9:43 | Watch Tower |
| 9:46 | Orc Burrow |
| 10:27 | Endurance Aura |
| 10:40 | Troll Berserker |
| 10:42 | Shaman Master Training |
| 10:53 | Healing Salve |
| 10:58 | Orb of Lightning |
| 11:07 | Tiny Great Hall |
| 11:15 | Troll Berserker |
| 11:16 | Shaman |
| 11:18 | Troll Berserker |
| 12:26 | Troll Berserker |
| 12:28 | Shaman |
| 12:29 | Arcanite Ranged Weapons |
| 12:34 | Watch Tower |
| 12:38 | Watch Tower |
| 13:05 | Shaman |
| 13:07 | Troll Berserker |
| 13:10 | Orc Burrow |
| 13:37 | Troll Berserker |
| 14:26 | Troll Berserker |
| 14:31 | Watch Tower |
| 14:54 | Hex |
| 15:46 | Great Hall |
| 16:22 | Stronghold |
| 17:15 | Endurance Aura |
| 17:26 | Peon |
| 17:26 | Peon |
| 17:27 | Peon |
| 17:27 | Peon |
| 17:27 | Peon |
| 17:27 | Peon |
| 19:03 | Great Hall |
| 19:08 | Altar of Storms |
| 19:10 | Orc Burrow |
| 19:13 | Great Hall |
| 19:32 | Great Hall |
| 19:35 | Watch Tower |
| 19:37 | Watch Tower |
| 19:44 | Great Hall |
| 20:18 | Orc Burrow |
| 20:20 | Orc Burrow |
| 20:45 | Watch Tower |
| 20:48 | Watch Tower |
| 22:09 | Great Hall |
| 23:15 | Great Hall |
| 23:48 | Altar of Storms |
| 23:50 | Orc Burrow |
| Right click | 495 |
| Select | 340 |
| Build/train/purchase | 124 |
| Select group | 52 |
| Misc. action | 37 |
| Use ability | 29 |
| Assign group | 11 |
| Item give/drop | 5 |
| Remove unit | 1 |

| Healing Salve | 3 | 300 |
| Lesser Clarity Potion | 7 | 490 |
| Scroll of Speed | 1 | 50 |
| Orb of Lightning | 1 | 375 |
| Staff of Teleportation | 1 | 150 |
| Boots of Speed | 1 | 250 |
| Rod of Necromancy | 1 | 150 |
| total: | 15 | 1765g |
| Peon | 19 | 1425 | / | 0 |
| Raider | 4 | 720 | / | 160 |
| Shaman | 1 | 130 | / | 20 |
| total: | 24 | 2275g | / | 180w |
| Watch Tower | 6 | 660 | / | 480 |
| Altar of Storms | 3 | 540 | / | 150 |
| Orc Burrow | 10 | 1600 | / | 400 |
| Voodoo Lounge | 4 | 520 | / | 120 |
| War Mill | 2 | 410 | / | 0 |
| Great Hall | 3 | 1155 | / | 555 |
| Beastiary | 4 | 580 | / | 560 |
| Spirit Lodge | 1 | 150 | / | 150 |
| Stronghold | 2 | 630 | / | 380 |
| Fortress | 2 | 650 | / | 380 |
| total: | 33 | 5615g | / | 2415w |
| 0:04 | Peon |
| 0:04 | Peon |
| 0:05 | Peon |
| 0:12 | Altar of Storms |
| 0:20 | Orc Burrow |
| 0:47 | Peon |
| 1:03 | Voodoo Lounge |
| 1:08 | Peon |
| 1:09 | Peon |
| 1:24 | Peon |
| 1:25 | Peon |
| 1:36 | Peon |
| 2:06 | Peon |
| 2:13 | Healing Salve |
| 2:13 | Lesser Clarity Potion |
| 2:14 | Lesser Clarity Potion |
| 2:14 | Scroll of Speed |
| 2:19 | Wind Walk |
| 2:39 | Stronghold |
| 3:10 | War Mill |
| 3:34 | Orc Burrow |
| 5:00 | Watch Tower |
| 5:01 | Watch Tower |
| 5:02 | Watch Tower |
| 5:36 | Pillage |
| 5:38 | Reinforced Defenses |
| 6:22 | Beastiary |
| 6:28 | Orc Burrow |
| 6:34 | Orc Burrow |
| 6:40 | Orc Burrow |
| 6:55 | Beastiary |
| 7:00 | Lesser Clarity Potion |
| 7:01 | Lesser Clarity Potion |
| 7:03 | Healing Salve |
| 7:14 | Steel Melee Weapons |
| 7:18 | Fortress |
| 7:26 | Raider |
| 7:26 | Raider |
| 7:38 | Staff of Teleportation |
| 7:52 | Boots of Speed |
| 8:48 | Spirit Lodge |
| 8:52 | Raider |
| 9:21 | Thorium Melee Weapons |
| 10:03 | Ensnare |
| 10:10 | Shaman Adept Training |
| 10:10 | Shaman |
| 10:13 | Raider |
| 10:29 | Lesser Clarity Potion |
| 10:31 | Healing Salve |
| 10:38 | Orb of Lightning |
| 11:26 | Critical Strike |
| 12:31 | Arcanite Melee Weapons |
| 13:43 | Critical Strike |
| 14:41 | Great Hall |
| 15:03 | Orc Burrow |
| 15:07 | Voodoo Lounge |
| 16:13 | Altar of Storms |
| 16:38 | Orc Burrow |
| 17:23 | Altar of Storms |
| 17:36 | Voodoo Lounge |
| 17:53 | Great Hall |
| 18:00 | Orc Burrow |
| 18:27 | Voodoo Lounge |
| 19:32 | Great Hall |
| 19:54 | War Mill |
| 20:59 | Peon |
| 20:59 | Peon |
| 20:59 | Peon |
| 21:05 | Lesser Clarity Potion |
| 21:08 | Lesser Clarity Potion |
| 21:20 | Peon |
| 21:20 | Peon |
| 21:20 | Peon |
| 21:58 | Stronghold |
| 22:35 | Watch Tower |
| 22:37 | Watch Tower |
| 22:40 | Watch Tower |
| 23:39 | Peon |
| 23:39 | Peon |
| 23:40 | Peon |
| 24:23 | Fortress |
| 24:29 | Beastiary |
| 24:31 | Beastiary |
| 24:42 | Orc Burrow |
| 24:43 | Orc Burrow |
| 25:32 | Rod of Necromancy |
| Right click | 747 |
| Select | 223 |
| Build/train/purchase | 81 |
| Use ability | 20 |
| Resource trade | 8 |
| Item give/drop | 1 |
| Remove unit | 1 |
⇛